 Dungeon Crawl Stone Soup version 0.18-a0-1273-g8ec5f8e (webtiles) character file.

1351 Gagarin the Slasher (level 8, -2/70 HPs)
             Began as a Hill Orc Gladiator on Feb 7, 2016.
             Was a Follower of Beogh.
             Slain by a gnoll
             ... wielding a +0 spear
              (8 damage)
             ... on level 6 of the Dungeon.
             The game lasted 00:15:58 (6860 turns).

Gagarin the Slasher (Hill Orc Gladiator)            Turns: 6860, Time: 00:15:58

Health: -2/70      AC:  5    Str: 20    XL:     8   Next: 63%
Magic:  8/8        EV: 14    Int:  8    God:    Beogh [*.....]
Gold:   198        SH:  0    Dex: 11    Spells: 0 memorised, 7 levels left

rFire  . . .     SeeInvis .     a - +0 long sword
rCold  . . .     Gourm    .     b - +0 leather armour
rNeg   . . .     Faith    .     (no shield)
rPois  .         Spirit   .     c - +0 helmet
rElec  .         Dismiss  .     (no cloak)
rCorr  .         Reflect  .     (no gloves)
SustAt .         Harm     .     (no boots)
MR     .....                    (no amulet)
Stlth  +.........               (no ring)
                                (no ring)

@: not resistant to hostile enchantments, very unstealthy
A: no striking features
a: Renounce Religion


You were on level 6 of the Dungeon.
You worshipped Beogh.
Beogh was aware of your devotion.
You were not hungry.

You visited 1 branch of the dungeon, and saw 6 of its levels.

You collected 315 gold pieces.
You spent 117 gold pieces at shops.

Inventory:

Hand Weapons
 a - a +0 long sword (weapon)
 t - a cursed -1 short sword
Missiles
 d - 3 throwing nets (quivered)
 B - 17 bolts of penetration
 D - 16 bolts
Armour
 b - a +0 leather armour (worn)
 c - a +0 helmet (worn)
Jewellery
 k - a +3 amulet of reflection {unknown}
 l - an uncursed amulet of regeneration {unknown}
 m - a +3 amulet of reflection {unknown}
Wands
 g - a wand of iceblast (6/15)
Scrolls
 e - a scroll of identify
 h - 2 scrolls of remove curse
 n - a scroll of enchant weapon {unknown}
 o - a scroll of fog
 p - a scroll of fear
 u - a scroll of magic mapping {unknown}
 y - a scroll of amnesia {unknown}
Potions
 q - a potion of cure mutation
 r - a potion of mutation
 w - a potion of agility
 x - a potion of heal wounds
 z - 4 potions of curing
 A - a potion of might
 C - a potion of lignification
Comestibles
 f - 3 bread rations
 i - a meat ration
 j - a royal jelly
 s - a chunk of flesh
 v - 3 fruits
 E - a slice of pizza


   Skills:
 + Level 5.9 Fighting
 + Level 6.0 Long Blades
 + Level 1.7 Throwing
 + Level 4.8 Armour
 + Level 5.6 Dodging
 + Level 1.5 Stealth


You had 7 spell levels left.
You didn't know any spells.

Dungeon Overview and Level Annotations

Branches:
Dungeon (6/15)             Temple (0/1) D:4

Altars:
Ashenzari
Gozag
Kikubaaqudgha
Makhleb
Okawaru
Zin

Shops:
D:4 *   D:6 *

Annotations:
D:5 Eustachio, Menkaure


Message History

Your Long Blades skill increases to level 6!
The gnoll hits you from afar with a halberd.
The gnoll hits you with a halberd!
You see here a spear.
You hit the gnoll.
The gnoll is heavily wounded.
The crimson imp blinks!
The gnoll hits you but does no damage. The gnoll barely misses you.
You hit the gnoll but do no damage.
The gnoll is heavily wounded.
The gnoll hits you with a halberd!
* * * LOW HITPOINT WARNING * * *
The gnoll hits you from afar with a spear.
* * * LOW HITPOINT WARNING * * *
You slash the gnoll!
The gnoll is almost dead.
The gnoll hits you with a halberd.
* * * LOW HITPOINT WARNING * * *
The gnoll hits you from afar with a spear!
You die...

##############
..........##..
#.####.##.##.# # #.#
#.##.##.###.#
#.####.##.##....
#.#.....#.##..#
#.#.....#.##..######
#.#...........gg@..#
#.#.....#.##..####.#
##########
#.#.......##..####.#
#.........
#.......#(....##.#
#.########
...g...........##.#####.#
...................>.....#
.#..g...........##.#.###.#
##.......#.....##.......#
.....###########.###.#


You could see 2 gnolls.

Vanquished Creatures
  Sigmund (D:3)
  The ghost of Gagarin the Magician, an amateur TeWz (D:3)
  A slave (D:5)
  A sky beast (D:6)
  2 ogres (D:4)
  2 phantoms (D:5)
  A giant frog (D:6)
  A crimson imp (D:6)
  4 hounds
  A giant frog skeleton (D:6)
  2 orc priests (D:4)
  3 iguanas
  Ijyb (D:3)
  An orc wizard (D:5)
  A hound zombie (D:5)
  A hound skeleton (D:5)
  8 gnolls
  2 adders
  A shadow imp (D:5)
  2 oozes (D:1)
  3 worms
  3 giant geckos
  8 orcs
  9 bats
  2 giant cockroaches
  11 goblins
  7 hobgoblins
  10 jackals
  7 kobolds
  A quokka (D:5)
  A ball python (D:5)
  A giant gecko skeleton (D:4)
  8 giant newts
  A quokka skeleton (D:4)
  11 rats
120 creatures vanquished.

Vanquished Creatures (others)
  A giant newt (D:4)
1 creature vanquished.

Grand Total: 121 creatures vanquished

Notes
Turn   | Place    | Note
--------------------------------------------------------------
     0 | D:1      | Gagarin the Hill Orc Gladiator began the quest for the Orb.
     0 | D:1      | Reached XP level 1. HP: 18/18 MP: 1/1
    16 | D:1      | Reached XP level 2. HP: 25/25 MP: 2/2
   394 | D:1      | Reached XP level 3. HP: 13/30 MP: 3/3
   766 | D:1      | Reached skill level 1 in Armour
  1362 | D:2      | Found a shattered altar of Ashenzari.
  1651 | D:2      | Reached XP level 4. HP: 35/37 MP: 4/4
  1901 | D:3      | Noticed Gagarin's ghost (amateur TeWz)
  1919 | D:3      | Noticed Sigmund
  2126 | D:3      | Noticed Ijyb
  2142 | D:3      | Reached skill level 4 in Long Blades
  2149 | D:3      | Killed Ijyb
  2229 | D:3      | Killed Sigmund
  2229 | D:3      | Reached XP level 5. HP: 43/45 MP: 5/5
  2229 | D:3      | Reached XP level 6. HP: 48/51 MP: 6/6
  2346 | D:3      | Found an ancient bone altar of Kikubaaqudgha.
  2349 | D:3      | Found a glowing silver altar of Zin.
  2362 | D:3      | Found a burning altar of Makhleb.
  2376 | D:3      | Found an opulent altar of Gozag.
  2778 | D:3      | Killed Gagarin's ghost
  3039 | D:3      | Found an iron altar of Okawaru.
  3164 | D:4      | Found a staircase to the Ecumenical Temple.
  3184 | D:4      | Reached XP level 7. HP: 49/59 MP: 7/7
  3277 | D:4      | Reached skill level 5 in Long Blades
  3736 | D:4      | Found Wuijogg's General Store.
  3756 | D:4      | Bought 3 scrolls of identify for 84 gold pieces
  3867 | D:4      | Became a worshipper of Beogh the Brigand
  3963 | D:4      | Reached skill level 1 in Stealth
  4168 | D:4      | Reached skill level 5 in Fighting
  4343 | D:5      | Entered Level 5 of the Dungeon
  4521 | D:5      | Noticed Eustachio
  4886 | D:5      | Reached skill level 5 in Dodging
  4886 | D:5      | Reached XP level 8. HP: 54/68 MP: 8/8
  5077 | D:5      | Noticed Menkaure
  5473 | D:5      | HP: 3/69 [phantom (7)]
  6377 | D:6      | Reached * piety under Beogh
  6727 | D:6      | Found Kyra Kad's General Store.
  6736 | D:6      | Bought a scroll of remove curse for 33 gold pieces
  6856 | D:6      | Reached skill level 6 in Long Blades
  6860 | D:6      | Slain by a gnoll

Vault maps used:
D:1:      scummos_arrival_checkerplants, minmay_circled_x
D:2:      evilmike_ruin_ashenzari
D:3:      nicolae_overflow_hidden_temple, grunt_temple_overflow_cloverleaf,
          uniq_sigmund, uniq_iyjb
D:4:      minmay_temple_entry_statues_fountains, first_bread, serial_shops,
          nicolae_shop_waterfront
D:5:      kennysheep_mini, enter_ossuary_2, kennysheep_generic_room_3,
          uniq_eustachio, uniq_menkaure, uniq_pikel
D:6:      serial_shops, shop

Action                   |  1- 3 |  4- 6 |  7- 9 || total
-------------------------+-------+-------+-------++-------
Melee: Long sword        |   134 |   159 |   247 ||   540
Invok: Convert to Beogh  |       |       |     1 ||     1
  Use: Potion            |       |       |     3 ||     3
       Scroll            |       |       |    13 ||    13
  Eat: Chunk             |     2 |     6 |     8 ||    16
       Meat ration       |       |       |     1 ||     1
